 Dungeon Crawl Stone Soup version 0.31-a0-230-g09eb5fc4d3 (webtiles) character file.

Game seed: 16951048897886411948

136 qw the Shooter (level 4, 0/37 HPs)
             Began as a Minotaur Hexslinger on July 6, 2023.
             Slain by a kobold brigand
             ... wielding a +3 short sword of speed
              (4 damage)
             ... in a sewer.
             The game lasted 00:00:57 (1923 turns).

qw the Shooter (Minotaur Hexslinger)                Turns: 1923, Time: 00:00:57

Health: 0/37       AC:  5    Str: 13    XL:     4   Next: 98%
Magic:  0/4        EV: 11    Int: 10    God:
Gold:   110        SH:  0    Dex: 14    Spells: 4/5 levels left

rFire   . . .        Y - +1 sling
rCold   . . .        (no shield)
rNeg    . . .        g - +0 ring mail
rPois   .            (helmet restricted)
rElec   .            (no cloak)
rCorr   +            (no gloves)
SInv    .            (no boots)
Will    .....        j - amulet of guardian spirit
Stlth   +            f - ring of resist corrosion
HPRegen 0.26/turn    (no ring)
MPRegen 0.09/turn

%: guardian spirit
@: lethally poisoned (0 -> -2)
A: horns 2, retaliatory headbutt
a: no special abilities


You were in a sewer.
You visited 1 branch of the dungeon, and saw 3 of its levels.
You also visited: Sewer.

You collected 110 gold pieces.


Innate Abilities, Weirdness & Mutations

You have a pair of horns on your head.
You reflexively headbutt those who attack you in melee.


   Skills:
 + Level 2.8 Fighting
 - Level 5.0 Ranged Weapons
 - Level 1.0 Armour
 - Level 2.1 Dodging
 - Level 1.0 Spellcasting
 - Level 2.0 Hexes


You had 4 spell levels left.
You knew the following spells:

 Your Spells              Type           Power      Damage    Failure   Level
a - Slow                  Hex            16%        N/A       32%         1

Your spell library contained the following spells:

 Spells                   Type           Power      Damage    Failure   Level
 Inner Flame              Hex/Fire       2%         N/A       82%         3
 Portal Projectile        Hex/Tloc       4%         N/A       82%         3
 Cause Fear               Hex            2%         N/A       97%         4

Inventory:

Hand Weapons
 Y - a +1 sling (weapon)
Armour
 g - a +0 ring mail (worn)
Jewellery
 f - a ring of resist corrosion (left hand)
 j - an amulet of guardian spirit (around neck)
Scrolls
 a - a scroll of identify
 l - a scroll of teleportation {unknown}
Potions
 b - a potion of heal wounds {unknown}
 c - a potion of magic {unknown}
 d - a potion of enlightenment {unknown}
 e - 3 potions of brilliance {unknown}
 h - a potion of invisibility {unknown}
 i - a potion of haste
 k - a potion of might

Dungeon Overview and Level Annotations

Branches:
Dungeon (3/15)              Sewer (1/1)

Altars:


Message History

You shoot a sling bullet.
The sling bullet closely misses the kobold.
The sling bullet closely misses the kobold brigand.
The sling bullet hits the kobold.
You kill the kobold!
You shoot a sling bullet. The sling bullet hits the kobold.
You kill the kobold!
You shoot a sling bullet.
The sling bullet hits the kobold brigand.
The kobold brigand is lightly wounded.
The kobold brigand throws a poisoned dart.
The poisoned dart hits you!
You are poisoned.
You shoot a sling bullet.
The sling bullet hits the kobold brigand.
The kobold brigand is lightly wounded.
You feel very sick.
The kobold brigand hits you with a +3 short sword of speed.
You shoot a sling bullet.
The sling bullet hits the kobold brigand.
The kobold brigand is lightly wounded.
You feel sick. The kobold brigand closely misses you.
The kobold brigand hits you with a +3 short sword of speed.
You shoot a sling bullet.
The sling bullet hits the kobold brigand!
The kobold brigand is heavily wounded.
You feel sick.
The kobold brigand hits you with a +3 short sword of speed. x2
You shoot a sling bullet.
The sling bullet hits the kobold brigand.
The kobold brigand is heavily wounded.
You feel sick.
The kobold brigand hits you with a +3 short sword of speed!
The kobold brigand hits you with a +3 short sword of speed.
You shoot a sling bullet.
The sling bullet hits the kobold brigand.
The kobold brigand is severely wounded.
You feel sick.
The kobold brigand hits you with a +3 short sword of speed. x2
You die...

#.......~~~~~
##....~~~~~~~
##....~~~~~~
#....~~~~~~
##....~~~~~~
#....~~~~~~~
#.....~~~~~~
##....~~~~~~
#..@.~~~~~~
###K####~#~
... ~ .....
##.).## .....
[.#.! ### ###


You could see a kobold brigand.

Vanquished Creatures
  3 adders (D:2)
  4 river rats (Sewer)
  A white imp (D:3)
  A worm (D:2)
  4 dart slugs
  An endoplasm (D:2)
  A giant cockroach (D:1)
  4 goblins
  4 hobgoblins
  2 jackals
  4 quokkas
  8 ball pythons
  3 bats (D:1)
  4 frilled lizards
  9 kobolds
  11 rats
64 creatures vanquished.

Notes
Turn   | Place    | Note
-------+----------+-------------------------------------------
     0 | D:1      | qw the Minotaur Hexslinger began the quest for the Orb.
     0 | D:1      | Reached XP level 1. HP: 16/16 MP: 1/1
     0 | D:1      | 0 ||| qw: Version: 0.3-a-46-gb1f654a
     0 | D:1      | 0 ||| qw: Game counter: 1751
     0 | D:1      | 0 ||| qw: Melee chars always use a shield: true
     0 | D:1      | 0 ||| qw: God list: Okawaru
     0 | D:1      | 0 ||| qw: Allow faded altars: false
     0 | D:1      | 0 ||| qw: Do Orc after clearing Dungeon:15 true
     0 | D:1      | 0 ||| qw: Do second Lair branch before Depths: true
     0 | D:1      | 0 ||| qw: Lair rune preference: random
     0 | D:1      | 0 ||| qw: Goals: Normal
     0 | D:1      | 0 ||| PLANNING D:1-11
   210 | D:1      | Reached skill level 3 in Ranged Weapons
   210 | D:1      | Reached XP level 2. HP: 22/23 MP: 2/2
   574 | D:1      | 574 ||| UPGRADING to amulet of guardian spirit.
   579 | D:1      | 579 ||| DROPPING ring of magical power.
   580 | D:1      | 580 ||| READING scroll labelled TAUKHOL ATOUW.
   581 | D:1      | 581 ||| READING scroll labelled JAIBRI CUOKIU.
   582 | D:1      | 582 ||| DROPPING scroll of poison.
   627 | D:2      | Reached XP level 3. HP: 29/29 MP: 3/3
   764 | D:2      | Reached skill level 4 in Ranged Weapons
   785 | D:2      | 785 ||| FLEEEEING.
   786 | D:2      | 786 ||| FLEEEEING.
   787 | D:2      | 787 ||| FLEEEEING.
   788 | D:2      | 788 ||| STAIRDANCE
   820 | D:1      | 820 ||| UPGRADING to ring of resist corrosion.
   821 | D:1      | 821 ||| READING 2 scrolls labelled PIORPH HOIFUEM.
   825 | D:2      | 825 ||| STAIRDANCE
   910 | D:2      | 910 ||| FLEEEEING.
  1112 | D:2      | Reached XP level 4. HP: 26/36 MP: 2/4
  1391 | D:2      | 1391 ||| UPGRADING to +0 ring mail.
  1401 | D:2      | 1401 ||| DROPPING +0 robe.
  1402 | D:2      | 1402 ||| READING scroll labelled ONGAOM QIGHE.
  1403 | D:2      | 1403 ||| DRINKING 2 black potions.
  1448 | D:3      | 1448 ||| PLANNING SEWER
  1607 | D:3      | Reached skill level 1 in Armour
  1666 | D:3      | Found a glowing drain.
  1667 | D:3      | 1667 ||| DRINKING 2 sapphire potions.
  1676 | Sewer    | Entered a sewer
  1751 | Sewer    | Reached skill level 5 in Ranged Weapons
  1914 | Sewer    | Noticed a kobold brigand
  1922 | Sewer    | HP: 8/37 [kobold brigand/+3 short sword of speed (8)]
  1923 | Sewer    | Slain by a kobold brigand

Levels and vault maps discovered:
D:1:      heliophobic_arrival_glass_houses, layout_basic, minivault_4,
          minivault_25, corexii_corridor_pit
D:2:      layout_rooms, grunt_decor_resistance, kennysheep_cluttered_room
D:3:      layout_basic, general_overflow_altar, mainiacjoe_overflow_alcove_4,
          portal_sewer_entry_b, st_stairs_14, nicolae_houndstooth_variations
Sewer:    sewer_minmay_treatment

Skill      XL: |  1  2  3  4 |
---------------+-------------+-----
Ranged Weapons | 3 4 5 |  5.0
Fighting       | 2 |  2.8
Armour         | 1 |  1.0
Dodging        | |  2.1
Spellcasting   | |  1.0
Hexes          | |  2.0

Action                     |  1- 3 |  4- 6 || total
---------------------------+-------+-------++-------
   Fire: Sling             |   141 |    97 ||   238
    Use: Scroll            |     3 |     1 ||     4
         Potion            |       |     2 ||     2
 Armour: Robe              |     6 |       ||     6
         Ring mail         |       |    14 ||    14
  Dodge: Dodged            |    31 |    32 ||    63

Table legend:
 A = Non-vault XP
 B = Vault XP
 C = Vault XP percentage of total XP
 D = Non-vault monster count
 E = Vault monster count
 F = Vault count percentage of total count
                 A         B        C        D         E       F
            +---------+---------+-------+---------+---------+-------
      Total |     125 |      70 |  35.9 |      45 |      19 |  29.7
            +---------+---------+-------+---------+---------+-------
        D:1 |      27 |       0 |   0.0 |      18 |       0 |   0.0
        D:2 |      81 |       0 |   0.0 |      22 |       0 |   0.0
        D:3 |      17 |       6 |  26.1 |       5 |       5 |  50.0
      Sewer |       0 |      64 | 100.0 |       0 |      14 | 100.0
            +---------+---------+-------+---------+---------+-------
